General information
- name: BNet
- type: Ladder team game (AT/RT)
- host: Battle.net
- saver: Subhuman
map: Battleground
- players: 8
- length: 22:09
- speed: Fast
- version: 1.28 W3XP
- replay type: Public
» download(232 KB)
Players
team 1 (winner)
bodommaster (
pink | 94 APM | 2080 actions | 22:09)
4 Death Knight
2 Death Coil
2 Unholy Aura
4 Lich
2 Frost Nova
2 Frost Armor
5 Dark Ranger
3 Black Arrow
2 Silence
» actions
| Assign group hotkey | 30 | |
| Basic commands | 22 | |
| Build / train | 72 | |
| ESC pressed | 9 | |
| Enter build submenu | 26 | |
| Enter hero's abilities submenu | 13 | |
| Give item / drop item | 2 | |
| Right click | 1130 | |
| Select / deselect | 341 | |
| Select group hotkey | 343 | |
| Use ability | 92 | |
2080 total
» units
| Acolyte | 10 | |
| Ghoul | 3 | |
| Crypt Fiend | 5 | |
| Frost Wyrm | 6 | |
24 total
» upgrades
| Web | 1 | |
| Burrow | 1 | |
| Creature Attack | 3 | |
| Ghoul Frenzy | 1 | |
| Creature Carapace | 1 | |
7 total
» buildings
| Crypt | 1 | |
| Graveyard | 2 | |
| Altar of Darkness | 1 | |
| Ziggurat | 8 | |
| Tomb of Relics | 1 | |
| Nerubian Tower | 1 | |
| Halls of the Dead | 3 | |
| Black Citadel | 1 | |
| Sacrificial Pit | 1 | |
| Boneyard | 2 | |
| Spirit Tower | 5 | |
| Necropolis | 2 | |
28 total
» build order
00:10 Crypt
00:13 Graveyard
00:29 Altar of Darkness
00:46 Ziggurat
01:17 Tomb of Relics
01:51 Ziggurat
02:24 Nerubian Tower
03:40 Halls of the Dead
03:41 Halls of the Dead
03:41 Halls of the Dead
04:14 Ziggurat
05:39 Ziggurat
06:32 Black Citadel
08:26 Sacrificial Pit
08:29 Ziggurat
08:57 Graveyard
09:26 Boneyard
09:27 Boneyard
10:54 Spirit Tower
10:59 Spirit Tower
12:31 Necropolis
14:47 Necropolis
17:14 Ziggurat
17:17 Ziggurat
18:17 Spirit Tower
18:18 Spirit Tower
18:20 Ziggurat
19:38 Spirit Tower
» items
| Rod of Necromancy | 2 | |
| Potion of Healing | 4 | |
| Orb of Corruption | 2 | |
| Scroll of Healing | 2 | |
| Potion of Mana | 3 | |
| Scroll of Town Portal | 1 | |
14 total
Du_Du (
red | 195 APM | 4311 actions | 22:09)
7 Paladin
2 Holy Light
1 Divine Shield
3 Devotion Aura
1 Resurrection
» actions
| Assign group hotkey | 78 | |
| Basic commands | 588 | |
| Build / train | 176 | |
| ESC pressed | 3 | |
| Enter build submenu | 29 | |
| Enter hero's abilities submenu | 7 | |
| Give item / drop item | 5 | |
| Right click | 1103 | |
| Select / deselect | 433 | |
| Select group hotkey | 1783 | |
| Use ability | 106 | |
4311 total
» units
| Peasant | 18 | |
| Footman | 17 | |
| Forest Troll Berserker | 8 | |
| Rifleman | 5 | |
| Mortar Team | 7 | |
| Spell Breaker | 15 | |
70 total
» upgrades
| Defend | 1 | |
| Plating | 2 | |
| Masonry | 3 | |
| Lumber Harvesting | 2 | |
| Fragmentation Shards | 1 | |
| Magic Sentry | 2 | |
| Flare | 1 | |
| Gunpowder | 1 | |
13 total
» buildings
| Barracks | 1 | |
| Altar of Kings | 1 | |
| Farm | 10 | |
| Scout Tower | 5 | |
| Arcane Tower | 3 | |
| Keep | 4 | |
| Arcane Vault | 1 | |
| Blacksmith | 1 | |
| Lumber Mill | 2 | |
| Guard Tower | 18 | |
| Castle | 3 | |
| Workshop | 7 | |
| Arcane Sanctum | 3 | |
59 total
» build order
00:20 Barracks
00:28 Altar of Kings
00:40 Farm
01:18 Farm
01:48 Scout Tower
01:59 Farm
02:25 Arcane Tower
02:25 Arcane Tower
02:25 Arcane Tower
02:49 Farm
04:42 Keep
04:42 Keep
04:42 Keep
04:42 Keep
04:58 Arcane Vault
05:12 Blacksmith
05:31 Lumber Mill
05:35 Scout Tower
05:36 Scout Tower
06:35 Guard Tower
06:35 Guard Tower
06:35 Guard Tower
06:42 Guard Tower
06:42 Guard Tower
06:43 Guard Tower
06:43 Guard Tower
07:08 Farm
07:09 Farm
07:13 Farm
08:22 Castle
08:22 Castle
08:22 Castle
08:54 Farm
09:35 Farm
09:36 Farm
10:53 Workshop
10:53 Workshop
10:56 Workshop
10:57 Workshop
11:03 Workshop
11:16 Workshop
11:24 Arcane Sanctum
11:58 Lumber Mill
12:28 Arcane Sanctum
14:55 Guard Tower
14:55 Guard Tower
14:55 Guard Tower
14:55 Guard Tower
14:55 Guard Tower
15:04 Guard Tower
15:04 Guard Tower
15:04 Guard Tower
15:31 Scout Tower
15:32 Scout Tower
15:48 Workshop
16:17 Guard Tower
16:18 Guard Tower
16:18 Guard Tower
18:19 Arcane Sanctum
» items
| Boots of Speed | 2 | |
| Scroll of Regeneration | 3 | |
| Lesser Clarity Potion | 3 | |
| Orb of Fire | 3 | |
| Ivory Tower | 9 | |
| Scroll of Healing | 4 | |
| Potion of Lesser Invulnerability | 1 | |
25 total
Ezi (
purple | 34 APM | 746 actions | 22:09)
5 Demon Hunter
3 Mana Burn
2 Evasion
» actions
| Build / train | 58 | |
| Enter build submenu | 20 | |
| Enter hero's abilities submenu | 5 | |
| Remove unit from queue | 4 | |
| Right click | 387 | |
| Select / deselect | 243 | |
| Use ability | 29 | |
746 total
» units
| Wisp | 14 | |
| Archer | 8 | |
| Chimaera | 5 | |
| Druid of the Talon | 4 | |
| Huntress | 5 | |
| Faerie Dragon | 3 | |
39 total
» upgrades
| Reinforced Hides | 2 | |
| Corrosive Breath | 1 | |
| Strength of the Wild | 2 | |
| Strength of the Moon | 1 | |
| Druid of the Talon Training | 0 | |
| Upgrade Moon Glaive | 0 | |
6 total
» buildings
| Altar of Elders | 1 | |
| Moon Well | 8 | |
| Ancient of War | 1 | |
| Tree of Ages | 1 | |
| Hunter's Hall | 1 | |
| Tree of Eternity | 1 | |
| Ancient of Wonders | 1 | |
| Ancient of Wind | 1 | |
| Chimaera Roost | 2 | |
| Ancient Protector | 2 | |
19 total
» build order
00:09 Altar of Elders
00:18 Moon Well
00:46 Ancient of War
01:44 Moon Well
02:30 Tree of Ages
03:43 Hunter's Hall
04:51 Tree of Eternity
04:56 Ancient of Wonders
05:10 Ancient of Wind
07:12 Chimaera Roost
07:31 Chimaera Roost
08:24 Moon Well
08:27 Moon Well
09:30 Moon Well
11:07 Moon Well
15:30 Ancient Protector
15:40 Ancient Protector
21:01 Moon Well
21:03 Moon Well
» items
Go_to_War (
blue | 71 APM | 1566 actions | 22:09)
3 Crypt Lord
2 Carrion Beetles
1 Spiked Carapace
3 Death Knight
1 Death Coil
2 Unholy Aura
» actions
| Basic commands | 18 | |
| Build / train | 51 | |
| Enter build submenu | 17 | |
| Enter hero's abilities submenu | 6 | |
| Give item / drop item | 1 | |
| Right click | 1163 | |
| Select / deselect | 269 | |
| Use ability | 41 | |
1566 total
» units
| Acolyte | 7 | |
| Ghoul | 3 | |
| Crypt Fiend | 11 | |
| Frost Wyrm | 3 | |
24 total
» upgrades
| Web | 1 | |
| Creature Attack | 1 | |
| Freezing Breath | 1 | |
3 total
» buildings
| Graveyard | 1 | |
| Altar of Darkness | 1 | |
| Ziggurat | 7 | |
| Crypt | 2 | |
| Tomb of Relics | 1 | |
| Halls of the Dead | 1 | |
| Nerubian Tower | 2 | |
| Spirit Tower | 2 | |
| Black Citadel | 1 | |
| Sacrificial Pit | 1 | |
| Boneyard | 2 | |
| Necropolis | 1 | |
22 total
» build order
00:19 Graveyard
00:29 Altar of Darkness
00:34 Ziggurat
00:49 Crypt
01:10 Ziggurat
01:43 Tomb of Relics
02:08 Crypt
03:13 Halls of the Dead
03:29 Ziggurat
03:58 Nerubian Tower
04:00 Nerubian Tower
07:29 Ziggurat
07:52 Ziggurat
08:32 Spirit Tower
09:32 Black Citadel
09:34 Sacrificial Pit
10:34 Spirit Tower
15:11 Boneyard
16:43 Boneyard
17:56 Ziggurat
18:18 Ziggurat
21:53 Necropolis
» items
| Rod of Necromancy | 3 | |
| Scroll of Town Portal | 4 | |
| Potion of Healing | 2 | |
9 total
team 2 (loser)
ImmortalWombat (
yellow | 57 APM | 1262 actions | 22:00)
5 Demon Hunter
2 Mana Burn
2 Evasion
1 Metamorphosis
1 Priestess of the Moon
1 Trueshot Aura
» actions
| Assign group hotkey | 73 | |
| Basic commands | 25 | |
| Build / train | 69 | |
| ESC pressed | 3 | |
| Enter build submenu | 17 | |
| Enter hero's abilities submenu | 6 | |
| Remove unit from queue | 1 | |
| Right click | 386 | |
| Select / deselect | 259 | |
| Select group hotkey | 374 | |
| Use ability | 49 | |
1262 total
» units
| Wisp | 16 | |
| Archer | 9 | |
| Forest Troll Shadow Priest | 2 | |
| Druid of the Talon | 4 | |
| Druid of the Claw | 3 | |
| Dryad | 4 | |
| Hippogryph | 4 | |
| Chimaera | 2 | |
44 total
» upgrades
| Strength of the Wild | 2 | |
| Reinforced Hides | 1 | |
| Ultravision | 1 | |
| Well Spring | 1 | |
| Druid of the Claw Training | 2 | |
| Abolish Magic | 1 | |
| Mark of the Claw | 1 | |
9 total
» buildings
| Altar of Elders | 1 | |
| Moon Well | 7 | |
| Ancient of War | 1 | |
| Tree of Ages | 1 | |
| Tree of Life | 2 | |
| Hunter's Hall | 1 | |
| Ancient of Wind | 1 | |
| Ancient of Lore | 2 | |
| Tree of Eternity | 1 | |
| Chimaera Roost | 1 | |
18 total
» build order
00:05 Altar of Elders
00:11 Moon Well
00:23 Ancient of War
01:37 Moon Well
02:46 Tree of Ages
04:03 Tree of Life
04:27 Moon Well
05:09 Tree of Life
06:05 Hunter's Hall
06:36 Ancient of Wind
07:05 Moon Well
07:12 Ancient of Lore
08:16 Tree of Eternity
11:11 Moon Well
11:17 Moon Well
11:24 Moon Well
11:32 Chimaera Roost
14:01 Ancient of Lore
» items
| Boots of Speed | 2 | |
| Scroll of Town Portal | 1 | |
3 total
hjd999 (
orange | 76 APM | 1359 actions | 17:46)
4 Crypt Lord
2 Carrion Beetles
1 Impale
1 Spiked Carapace
4 Death Knight
2 Death Coil
2 Unholy Aura
1 Lich
1 Frost Nova
» actions
| Assign group hotkey | 7 | |
| Basic commands | 302 | |
| Build / train | 62 | |
| Enter build submenu | 12 | |
| Enter hero's abilities submenu | 9 | |
| Give item / drop item | 5 | |
| Remove unit from queue | 1 | |
| Right click | 215 | |
| Select / deselect | 507 | |
| Select group hotkey | 138 | |
| Use ability | 101 | |
1359 total
» units
| Acolyte | 5 | |
| Ghoul | 9 | |
| Crypt Fiend | 5 | |
| Meatwagon | 3 | |
| Necromancer | 7 | |
| Obsidian Statue | 3 | |
32 total
» upgrades
| Web | 1 | |
| Exhume Corpses | 1 | |
| Necromancer Training | 2 | |
| Skeletal Longevity | 1 | |
| Skeletal Mastery | 1 | |
| Disease Cloud | 1 | |
| Unholy Strength | 1 | |
| Unholy Armor | 1 | |
| Creature Attack | 1 | |
| Creature Carapace | 1 | |
11 total
» buildings
| Crypt | 1 | |
| Ziggurat | 6 | |
| Altar of Darkness | 1 | |
| Nerubian Tower | 3 | |
| Halls of the Dead | 1 | |
| Graveyard | 1 | |
| Slaughterhouse | 1 | |
| Temple of the Damned | 1 | |
| Tomb of Relics | 1 | |
| Black Citadel | 1 | |
17 total
» build order
00:06 Crypt
00:09 Ziggurat
00:14 Altar of Darkness
01:01 Nerubian Tower
01:01 Nerubian Tower
02:23 Halls of the Dead
02:31 Graveyard
03:11 Ziggurat
04:53 Slaughterhouse
05:00 Temple of the Damned
05:02 Tomb of Relics
05:06 Ziggurat
05:11 Ziggurat
09:10 Black Citadel
09:55 Ziggurat
09:55 Ziggurat
» items
Subhuman (
green | 18 APM | 391 actions | 22:09)
» actions
| Basic commands | 15 | |
| Build / train | 21 | |
| Enter build submenu | 6 | |
| Right click | 247 | |
| Select / deselect | 82 | |
| Use ability | 20 | |
391 total
» units
» buildings
| Blacksmith | 2 | |
| Arcane Vault | 1 | |
| Lumber Mill | 1 | |
| Town Hall | 1 | |
| Scout Tower | 1 | |
6 total
» build order
00:09 Blacksmith
00:10 Blacksmith
00:13 Arcane Vault
00:15 Lumber Mill
14:29 Town Hall
18:22 Scout Tower
dienoobfvcks (
teal | 20 APM | 402 actions | 19:39)
3 Blademaster
1 Wind Walk
2 Critical Strike
» actions
| Assign group hotkey | 11 | |
| Basic commands | 43 | |
| Build / train | 52 | |
| ESC pressed | 1 | |
| Enter build submenu | 16 | |
| Enter hero's abilities submenu | 3 | |
| Right click | 71 | |
| Select / deselect | 99 | |
| Select group hotkey | 58 | |
| Use ability | 48 | |
402 total
» units
| Peon | 15 | |
| Troll Batrider | 13 | |
| Ogre Mauler | 1 | |
| Forest Troll Shadow Priest | 2 | |
| Troll Witch Doctor | 1 | |
32 total
» upgrades
| Spiked Barricades | 1 | |
| Armor | 1 | |
| Melee Weapons | 1 | |
| Pillage | 1 | |
| Ranged Weapons | 3 | |
| Witch Doctor Training | 2 | |
| Liquid Fire | 1 | |
10 total
» buildings
| Orc Burrow | 5 | |
| Altar of Storms | 1 | |
| Voodoo Lounge | 1 | |
| War Mill | 1 | |
| Stronghold | 2 | |
| Beastiary | 3 | |
| Spirit Lodge | 1 | |
| Fortress | 1 | |
| Great Hall | 1 | |
| Watch Tower | 2 | |
18 total
» build order
00:29 Orc Burrow
00:35 Altar of Storms
00:54 Voodoo Lounge
01:18 War Mill
02:40 Stronghold
02:40 Stronghold
03:07 Orc Burrow
05:03 Beastiary
05:05 Beastiary
05:07 Beastiary
06:03 Spirit Lodge
07:33 Orc Burrow
08:20 Fortress
08:48 Orc Burrow
10:44 Orc Burrow
11:43 Great Hall
15:04 Watch Tower
16:13 Watch Tower
» items
| Healing Salve | 1 | |
| Lesser Clarity Potion | 1 | |
| Scroll of Speed | 1 | |
3 total
Chat log
(03:23 / Allies) hjd999: noob
(03:35 / Allies) ImmortalWombat: bot
(03:52 / Allies) Subhuman: No bot, no bot! YOU are the bot!
(04:16 / Allies) hjd999: he is fool
(05:34 / Allies) dienoobfvcks: woood pls
(08:25 / Allies) dienoobfvcks: woood pls
(09:45 / Allies) ImmortalWombat: x3
(13:11 / All) Du_Du: well godd chask for sure
(13:13 / All) Du_Du: Wp
(13:33 / All) Subhuman: what are the counters for them skele guys?
(13:35 / All) Subhuman: PRIESTS? DRYADS?
(13:45 / All) Subhuman: SPELL BREAKERS?
(15:35 / Allies) dienoobfvcks: \get the fuck out\
(15:53 / Allies) ImmortalWombat: he killed my exe
(17:22 / All) Subhuman: maybe chim could target necro!?
(17:58 / All) Subhuman: my team noobs!
(18:02 / All) Subhuman: not fair game!
(18:12 / Allies) Subhuman: save my hall noobs!
(18:22 / All) dienoobfvcks: your shit greeen\
(18:22 / All) ImmortalWombat: bs man green make no units
(18:33 / All) ImmortalWombat: 5v3
(18:40 / All) Subhuman: not me! I'm with you guys!
(18:45 / All) Subhuman: not me, I'm with you guys!
(18:46 / All) Du_Du: sure and teal hed no hack guess
(18:49 / All) Du_Du: nvm
(18:53 / All) ImmortalWombat: ffs you make me laugh
(18:59 / All) Du_Du: sure
(19:00 / All) ImmortalWombat: fkin bot mf
(19:04 / All) Du_Du: leave asn the game befor
(19:05 / All) Du_Du: Pro.
(19:14 / All) Subhuman: HELP!
(21:35 / All) ImmortalWombat: would have been gg
(21:41 / All) Du_Du: wp
(21:45 / All) ImmortalWombat: gg
(21:45 / All) Du_Du: for real.
(21:52 / All) Subhuman: thank you
(21:57 / All) ImmortalWombat: lol
(22:01 / All) Du_Du: sure green what ever..
(22:06 / All) Subhuman: gg to you too!
(22:08 / All) Subhuman: noob allies!